 Dungeon Crawl Stone Soup version 0.16.1-2-g95b8d4c (webtiles) character file.

3668 karlm the Fighter (level 10, -1/114 HPs)
             Began as an Ogre Hunter on Mar 25, 2015.
             Was a Follower of Trog.
             Killed from afar by a wretched star (14 damage)
             ... with an orb of energy
             ... on level 1 of the Abyss.
             The game lasted 00:34:32 (11042 turns).

karlm the Fighter (Ogre Hunter)                    Turns: 11042, Time: 00:34:33

Health: -1/114     AC:  5    Str: 18    XL:     10   Next: 12%
Magic:  10/10      EV: 13    Int: 10    God:    Trog [*.....]
Gold:   510        SH:  0    Dex: 17    Spells: 0 memorised, 9 levels left

rFire  . . .     SeeInvis +     q - +9 long sword of Destiny {slice, Noisy Dex+5}
rCold  . . .     Clarity  .     P - +0 robe
rNeg   + . .     SustAb   +     (shield restricted)
rPois  .         Gourm    .     (helmet restricted)
rElec  .         Spirit   .     k - +1 cloak
rCorr  .         Warding  +     (gloves unavailable)
rMut   .         Stasis   .     (boots unavailable)
MR     +....                    M - amulet of warding
Stlth  ++........               w - ring of sustain abilities
                                i - ring of see invisible

@: somewhat resistant to hostile enchantments, unstealthy
A: unfitting armour, blurry vision 1, screaming 1, tough skin 1, weak 1
a: Burn Spellbooks, Berserk, Renounce Religion


You were on level 1 of the Abyss.
You worshipped Trog.
Trog was aware of your devotion.
You were hungry.

You visited 2 branches of the dungeon, and saw 9 of its levels.
You visited the Abyss 1 time.

You collected 510 gold pieces.

Inventory:

Hand weapons
 a - a +2 flail of protection
 b - a +0 giant spiked club
 o - a +0 morningstar
 q - the +9 long sword of Destiny (weapon) {slice, Noisy Dex+5}
   (You found it on level 5 of the Dungeon)

   It inflicts extra damage upon your enemies.
   It affects your dexterity (+5).
   It may make noises in combat.
 L - a +0 lajatang
Missiles
 c - 2 throwing nets (quivered)
 l - 74 poisoned needles
 n - 242 stones
 u - 17 sling bullets
 v - 11 exploding sling bullets
 E - 3 tomahawks
Armour
 k - a +1 cloak (worn)
 P - a +0 robe (worn)
Jewellery
 i - a ring of see invisible (left hand)
 w - a ring of sustain abilities (right hand)
 y - an uncursed ring of magical power
 K - an uncursed ring of invisibility
 M - an amulet of warding (around neck)
Magical devices
 A - a wand of slowing (16)
 I - a wand of magic darts (11)
Scrolls
 j - 3 scrolls of teleportation
 x - a scroll of remove curse
 F - 3 scrolls of identify
 G - a scroll of magic mapping {unknown}
 Q - a scroll of recharging {unknown}
Potions
 e - 2 potions of flight
 g - 2 potions of lignification
 h - a potion of haste {unknown}
 m - 3 potions of restore abilities
 p - a potion of heal wounds
 t - 3 potions of curing
 z - a potion of agility {unknown}
 B - a potion of ambrosia {unknown}
 D - 2 potions of might {unknown}
 H - a potion of mutation {unknown}
 J - a potion of brilliance {unknown}
Miscellaneous
 d - a box of beasts
Comestibles
 f - 2 meat rations
 r - 3 fruits
 s - a beef jerky
 C - 3 bread rations


   Skills:
 * Level 11.3 Fighting
 * Level 10.8 Maces & Flails
 + Level 7.4 Throwing
 + Level 4.9 Dodging
 - Level 1.2 Stealth


You had 9 spell levels left.
You didn't know any spells.

Dungeon Overview and Level Annotations

Branches:
Dungeon (8/15)             Temple (1/1) D:6
   Lair: D:8-11

Altars:
Ashenzari
Dithmenos
Elyvilon
Fedhas
Gozag
Kikubaaqudgha
Makhleb
Nemelex Xobeh
Okawaru
Qazlal
Sif Muna
Trog
Vehumet
Xom
Yredelemnul
Zin
The Shining One

Annotations:
D:8 Erolcha


Innate Abilities, Weirdness & Mutations

You are too large for most types of armour.
You have tough skin (AC +1).
[Scrolls take you a little longer to read.]
[You occasionally shout uncontrollably at your foes.]
[You are weak. (Str -2)]


Message History

A wretched star comes into view.
The wretched star glows turbulently.
The orb of energy hits you!
The orb of energy explodes!
A wretched star comes into view.
The wretched star glows turbulently.
The orb of energy misses you.
The orb of energy explodes!
A small abomination comes into view.
The wretched star glows turbulently.
The orb of energy hits you!
The orb of energy explodes!
The small abomination moves out of view.
The wretched star glows turbulently.
The orb of energy hits you!
* * * LOW HITPOINT WARNING * * *
The orb of energy explodes!
A tentacled starspawn comes into view.
The wretched star pulses with an eldritch light!
Your vision blurs.
You feel the urge to shout.
You feel weaker.
The wretched star glows turbulently.
The orb of energy hits you!
You die...

. #. ... ##
.#.#. #.####.
#.... ##.*.
..#
..x.##...##..#
#X#.##..##.##
#.*.##*#..#
#.#..## ##
###...##
#.@#### #.##
..# ..## ##


You could see 2 wretched stars.

Vanquished Creatures
  Joseph (D:8)
  A smoke demon (Abyss:1)
  Grinder (D:6)
  A small abomination (Abyss:1)
  A water moccasin (D:7)
  A sky beast (D:5)
  5 ice beasts
  3 ogres
  4 centaurs
  An orc warrior (D:6)
  Sigmund (D:6)
  2 giant frogs
  2 wyvern skeletons
  2 scorpions (D:7)
  A wight (D:8)
  2 giant frog zombies (D:7)
  4 orc wizards
  A hound (D:4)
  A jelly (D:7)
  2 centaur skeletons
  Crazy Yiuf (D:6)
  3 iguanas
  3 orc priests
  Natasha (twice) (D:6)
  4 worker ants
  Terence (D:3)
  2 hound skeletons
  11 gnolls
  8 adders
  3 shadow imps
  A white imp (D:6)
  A worm (D:1)
  An adder skeleton (D:7)
  8 giant geckos
  4 oozes
  16 orcs
  A bat skeleton (D:6)
  A bat zombie (D:7)
  4 giant cockroaches
  15 hobgoblins
  7 jackals
  12 kobolds
  3 quokkas
  14 bats
  A giant gecko zombie (D:6)
  3 giant newts
  9 goblins
  A jackal skeleton (D:7)
  A jackal zombie (D:4)
  13 rats
  A spectral orc (D:5)
192 creatures vanquished.

Vanquished Creatures (others)
  An orc warrior (D:6)
  A worker ant (D:6)
  An orc wizard (D:6)
  A mummy (D:8)
  3 orcs (D:6)
  4 jackals (D:6)
  A quokka (D:6)
12 creatures vanquished.

Grand Total: 204 creatures vanquished

Notes
Turn   | Place    | Note
--------------------------------------------------------------
     0 | D:1      | karlm, the Ogre Hunter, began the quest for the Orb.
     0 | D:1      | Reached XP level 1. HP: 22/22 MP: 1/1
    41 | D:1      | Reached skill level 1 in Stealth
   640 | D:1      | Reached XP level 2. HP: 29/29 MP: 2/2
  1200 | D:2      | Reached XP level 3. HP: 31/36 MP: 3/3
  1651 | D:2      | Found a shadowy altar of Dithmenos.
  1777 | D:2      | You fall through a shaft for 2 floors!
  1950 | D:3      | Reached skill level 1 in Maces & Flails
  2299 | D:2      | Reached XP level 4. HP: 45/45 MP: 4/4
  2518 | D:3      | Found an opulent altar of Gozag.
  2589 | D:3      | Found a shattered altar of Ashenzari.
  2762 | D:3      | Noticed Terence
  2776 | D:3      | Killed Terence
  2799 | D:3      | Found a glowing golden altar of the Shining One.
  2966 | D:4      | Reached XP level 5. HP: 30/54 MP: 5/5
  3487 | D:4      | Reached skill level 5 in Throwing
  3657 | D:4      | Reached XP level 6. HP: 48/65 MP: 6/6
  3812 | D:4      | Reached skill level 5 in Fighting
  3826 | D:4      | Noticed an ogre
  3830 | D:4      | Killed an ogre
  4353 | D:4      | Reached skill level 5 in Maces & Flails
  4637 | D:5      | Entered Level 5 of the Dungeon
  4670 | D:5      | Reached skill level 6 in Fighting
  4670 | D:5      | Reached XP level 7. HP: 55/75 MP: 7/7
  5274 | D:5      | Reached skill level 7 in Fighting
  5424 | D:5      | Found a basalt altar of Yredelemnul.
  5474 | D:5      | Got a steaming long sword
  5648 | D:5      | Found an ancient bone altar of Kikubaaqudgha.
  5857 | D:5      | Reached XP level 8. HP: 87/87 MP: 8/8
  5880 | D:5      | Identified the +9 long sword of Destiny {slice, Noisy Dex+5} (You found it on level 5 of the Dungeon)
  6192 | D:6      | Noticed Grinder
  6302 | D:6      | Paralysed by Grinder for 7 turns
  6316 | D:6      | Killed Grinder
  6316 | D:6      | Reached skill level 8 in Fighting
  6553 | D:6      | Noticed Crazy Yiuf
  6555 | D:6      | Killed Crazy Yiuf
  6902 | D:6      | Noticed Sigmund
  6911 | D:6      | Killed Sigmund
  7074 | D:6      | Found an iron altar of Okawaru.
  7120 | D:6      | Found a staircase to the Ecumenical Temple.
  7132 | Temple   | Entered the Ecumenical Temple
  7309 | D:6      | Found a stormy altar of Qazlal.
  7319 | D:6      | Reached skill level 9 in Fighting
  7487 | D:6      | Noticed Natasha
  7494 | D:6      | Killed Natasha
  7496 | D:6      | Reached XP level 9. HP: 74/98 MP: 9/9
  7838 | D:6      | Found a bloodstained altar of Trog.
  7853 | D:6      | Became a worshipper of Trog the Wrathful
  7981 | D:7      | Found a blossoming altar of Fedhas.
  8988 | D:7      | Acquired Trog's first power
  8988 | D:7      | Reached skill level 10 in Fighting
  9655 | D:6      | Noticed Natasha
  9662 | D:6      | Killed Natasha
 10353 | D:8      | Reached skill level 10 in Maces & Flails
 10355 | D:8      | Noticed Erolcha
 10544 | D:8      | Noticed Joseph
 10548 | D:8      | Killed Joseph
 10669 | D:8      | Reached skill level 11 in Fighting
 10797 | D:8      | Cast into the Abyss (Erolcha)
 10799 | Abyss:1  | Noticed a smoke demon
 10822 | Abyss:1  | Killed a smoke demon
 10822 | Abyss:1  | Reached XP level 10. HP: 46/114 MP: 10/10
 11037 | Abyss:1  | Noticed a wretched star
 11038 | Abyss:1  | Noticed a wretched star
 11042 | Abyss:1  | Noticed a tentacled starspawn
 11042 | Abyss:1  | Killed from afar by a wretched star

Action                   |  1- 3 |  4- 6 |  7- 9 | 10-12 || total
-------------------------+-------+-------+-------+-------++-------
Melee: Unarmed           |    14 |       |       |       ||    14
       Hand axe          |    14 |       |       |       ||    14
       Club              |    48 |       |       |       ||    48
       Mace              |    49 |   116 |       |       ||   165
       Flail             |       |    19 |    67 |       ||    86
       Long sword        |       |       |   245 |     4 ||   249
Throw: Large rock        |    22 |    14 |    23 |       ||    59
       Stone             |    20 |       |       |       ||    20
       Throwing net      |     2 |       |       |       ||     2
  Use: Scroll            |     2 |     9 |     1 |       ||    12
 Stab: Distracted        |       |     2 |       |       ||     2
       Sleeping          |       |     1 |     5 |       ||     6
  Eat: Chunk             |     4 |     7 |    21 |       ||    32
